 Dungeon Crawl Stone Soup version 0.28-a0-706-gf6f64a616a (webtiles) character file.

Game seed: 15036360024206424115

3574 KoroneIsBestGirl the Frost Mage (level 10, -4/63 HPs)
             Began as a Barachi Ice Elementalist on Oct 24, 2021.
             Was an Initiate of Gozag.
             Shot with an arrow by a centaur warrior (26 damage)
             ... on level 13 of the Dungeon.
             The game lasted 00:14:56 (14038 turns).

KoroneIsBestGirl the Frost Mage (BaIE)             Turns: 14038, Time: 00:14:57

Health: -4/63      AC:  2    Str: 10    XL:     10   Next: 10%
Magic:  21/21      EV: 22    Int: 19    God:    Gozag
Gold:   975        SH:  0    Dex: 20    Spells: 16/24 levels left

rFire   . . .      SeeInvis .   p - +6 hand axe "Voingam" {speed, *Noise rElec rC- Dex+8}
rCold   x . .      Faith    .   (no shield)
rNeg    . . .      Spirit   .   a - +0 robe
rPois   .          Reflect  .   (no helmet)
rElec   +          Harm     .   (no cloak)
rCorr   .          Rampage  .   (no gloves)
Will    .....                   (no boots)
Stlth   ++........              (no amulet)
HPRegen 0.20/turn               g - +4 ring of evasion
MPRegen 0.17/turn               (no ring)

@: unable to hop, slow
A: amphibious, slowness 1, strong legs 1, +LOS
a: Hop, Renounce Religion, Potion Petition, Call Merchant, Bribe Branch


You were on level 13 of the Dungeon.
You worshipped Gozag.
Gozag was pleased with you.
You visited 2 branches of the dungeon, and saw 13 of its levels.

You collected 1059 gold pieces.
You paid 84 gold pieces to Gozag.

Inventory:

Hand Weapons
 h - a +2 dagger of speed
 p - the +6 hand axe "Voingam" (weapon) {speed, *Noise rElec rC- Dex+8}
   (You found it on level 7 of the Dungeon)

   Attacks with this weapon are significantly faster.
   Dex:       It affects your dexterity (+8).
   rC:        It makes you vulnerable to cold.
   rElec:     It insulates you from electricity.
   *Noise:    It may make noises in combat.
Missiles
 l - a throwing net
Armour
 a - a +0 robe (worn)
Jewellery
 g - a +4 ring of evasion (left hand)
Wands
 j - a wand of acid (7)
 r - a wand of digging (5)
Scrolls
 b - a scroll of blinking
 d - 2 scrolls of magic mapping
 f - 3 scrolls of teleportation {unknown}
 i - 2 scrolls of holy word
 k - 4 scrolls of amnesia
 m - 2 scrolls of immolation {unknown}
 o - a scroll of enchant weapon {unknown}
 q - a scroll of enchant armour {unknown}
Potions
 c - a potion of attraction {unknown}
 e - 2 potions of degeneration {unknown}
 n - a potion of heal wounds {unknown}


   Skills:
 - Level 3.0 Short Blades
 + Level 3.0 Axes
 + Level 8.4 Dodging
 - Level 1.7 Stealth
 + Level 7.7 Spellcasting
 + Level 4.4 Conjurations
 + Level 10.0 Ice Magic


You had 16 spell levels left.
You knew the following spells:

 Your Spells              Type           Power      Damage    Failure   Level
a - Freeze                Ice            100%       1d11      1%          1
b - Frozen Ramparts       Ice            90%        1d11      1%          3
c - Hailstorm             Conj/Ice       34%        3d9       4%          4

Your spell library contained the following spells:

 Spells                   Type           Power      Damage    Failure   Level
 Magic Dart               Conj           96%        1d7       1%          1
 Ozocubu's Armour         Ice            45%        N/A       1%          3
 Searing Ray              Conj           48%        2d6       2%          2
 Foxfire                  Conj/Fire      60%        2x1d7     3%          1
 Beastly Appendage        Tmut           14%        N/A       10%         1
 Summon Small Mammal      Summ           28%        N/A       10%         1
 Conjure Flame            Conj/Fire      15%        6-21      12%         3
 Scorch                   Fire           14%        2d6       14%         2
 Slow                     Hex            7%         N/A       14%         2
 Wereblood                Tmut           7%         N/A       14%         2
 Confusing Touch          Hex            7%         N/A       28%         3
 Inner Flame              Hex/Fire       7%         N/A       28%         3
 Spider Form              Tmut/Pois      3%         N/A       28%         3
 Vampiric Draining        Necr           3%         2d6       28%         3
 Flame Wave               Conj/Fire      15%        3d5       36%         4
 Fulminant Prism          Conj/Hex       7%         3d7       36%         4
 Summon Cactus Giant      Summ           3%         N/A       100%        6


Dungeon Overview and Level Annotations

Branches:
Dungeon (13/15)            Temple (1/1) D:4
   Lair: D:8-11         Orc: D:9-12      Vaults: D:13-14

Altars:
Ashenzari
Cheibriados
Dithmenos
Fedhas
Gozag
Hepliaklqana
Qazlal
Ru
Sif Muna
Trog
Uskayaw
Wu Jian
Xom
Yredelemnul
Zin

Shops:
D:3 =   D:10 *


Innate Abilities, Weirdness & Mutations

You are amphibious.
You cover ground slowly.
You can hop short distances.
You have an extended range of vision and can be seen from far away.


Message History

A centaur comes into view.
A centaur is nearby!
A centaur is nearby!
A centaur is nearby!
A centaur comes into view.
The centaur wields a +0 shortbow of flaming.
It bursts into flame!
The centaur shoots an arrow.
The arrow completely misses you.
The centaur shoots an arrow.
The arrow hits you. The arrow burns you.
You hear a shout!
You hear a shout! x2
The centaur shoots an arrow.
The arrow hits you! The arrow burns you.
The centaur wields a +0 shortbow.
The centaur shoots an arrow.
The arrow hits you!
The centaur shoots an arrow.
The arrow barely misses you.
A centaur warrior comes into view.
The centaur shoots an arrow.
The arrow misses you.
A centaur comes into view.
The centaur shoots an arrow.
The arrow hits you. The arrow burns you.
The centaur warrior wields a +1 shortbow of flaming.
It bursts into flame!
The centaur warrior shoots an arrow.
The arrow completely misses you.
The centaur shoots an arrow.
The arrow misses you.
Okay, then.
Hop to where?
Press: ? - help, Dir - move target Boing!
The centaur wields a +0 shortbow.
The centaur shoots an arrow.
The arrow hits you.
The centaur unwields a +0 shortbow.
The centaur completely misses you. x2; The centaur warrior shoots an arrow.
The arrow barely misses you.
The arrow completely misses the centaur.
The centaur unwields a +0 shortbow of flaming.
It stops flaming.
The centaur barely misses you.
The centaur kicks you but does no damage.
Okay, then.
The centaur shoots an arrow.
The arrow hits you!
The centaur wields a +0 shortbow.
The centaur shoots an arrow.
The arrow closely misses you.
The arrow closely misses the centaur.
The centaur warrior shoots an arrow.
The arrow hits you!!
You die...
Your body crumbles into a pile of gold.

#########################
......<..................
.........................
...###......○...........#
.. #....###...c.......#
#........c.@..c....#
................c....#
.......................
.######+###############.


You could see a centaur warrior and 3 centaurs.

Vanquished Creatures
  Psyche (D:12)
  Sigmund (D:3)
  A wraith (D:7)
  A wyvern (D:9)
  A water moccasin (D:7)
  An ice beast (D:6)
  2 orc warriors (D:9)
  A sky beast (D:7)
  A black bear (D:4)
  A necrophage (D:7)
  3 ogres
  2 centaurs
  2 bullfrogs (D:6)
  An elf skeleton (D:7)
  A scorpion (D:5)
  A water moccasin zombie (D:7)
  5 wights
  A centaur zombie (D:6)
  2 jellies
  A bullfrog zombie (D:6)
  6 hounds
  A human zombie (D:7)
  7 orc priests
  4 centaur skeletons
  A human skeleton (D:7)
  An iguana (D:6)
  2 gnoll shamans
  6 orc wizards
  Robin (D:3)
  15 gnolls
  2 howler monkey zombies
  A howler monkey skeleton (D:7)
  8 adders
  A shadow imp (D:6)
  A white imp (D:6)
  4 dart slugs
  A worm (D:3)
  24 orcs
  10 ball pythons
  5 bats
  3 endoplasms
  4 giant cockroaches
  17 goblins
  9 hobgoblins
  2 jackals (D:4)
  4 quokkas
  3 frilled lizards
  4 kobolds
  2 orc skeletons (D:7)
  An orc zombie (D:7)
  5 rats (D:1)
185 creatures vanquished.

Notes
Turn   | Place    | Note
-------+----------+-------------------------------------------
     0 | D:1      | KoroneIsBestGirl the Barachi Ice Elementalist began the
                  | quest for the Orb.
     0 | D:1      | Reached XP level 1. HP: 13/13 MP: 3/3
   359 | D:1      | Found a faded altar of an unknown god.
   366 | D:1      | Got Plato's Collected Works on Summoning
   373 | D:1      | Prayed at the altar of an unknown god.
   373 | D:1      | Became a worshipper of Ru the Awakened
   416 | D:1      | Reached skill level 5 in Ice Magic
   566 | D:1      | Reached XP level 2. HP: 19/19 MP: 3/5
  1667 | D:2      | Reached XP level 3. HP: 19/24 MP: 2/7
  1671 | D:2      | Learned a level 3 spell: Frozen Ramparts
  1925 | D:2      | Found a sacrificial altar of Ru.
  1948 | D:2      | Reached skill level 1 in Short Blades
  2085 | D:2      | Reached XP level 4. HP: 29/30 MP: 1/8
  2845 | D:3      | Found Uzaesa's Jewellery Shop.
  2950 | D:3      | Noticed Robin
  2954 | D:3      | Killed Robin
  3229 | D:3      | Reached XP level 5. HP: 31/35 MP: 8/10
  3305 | D:3      | Noticed Sigmund
  3316 | D:3      | Killed Sigmund
  3317 | D:3      | Reached skill level 6 in Ice Magic
  3317 | D:3      | Reached XP level 6. HP: 8/41 MP: 2/11
  4298 | D:4      | Found a staircase to the Ecumenical Temple.
  4302 | D:4      | Noticed a black bear
  4307 | D:4      | Killed a black bear
  4308 | D:4      | Reached XP level 7. HP: 35/46 MP: 7/13
  4319 | Temple   | Entered the Ecumenical Temple
  4325 | Temple   | Fell from the grace of Ru
  4325 | Temple   | Became a worshipper of Gozag Ym Sagoz the Greedy
  5212 | D:4      | Reached skill level 5 in Dodging
  5469 | D:4      | Reached skill level 7 in Ice Magic
  5829 | D:4      | Reached skill level 5 in Spellcasting
  6039 | D:4      | Reached XP level 8. HP: 41/52 MP: 9/15
  6140 | D:4      | Found an ornate altar of the Wu Jian Council.
  6174 | D:5      | Entered Level 5 of the Dungeon
  6888 | D:5      | Found a bloodstained altar of Trog.
  7148 | D:6      | Reached skill level 8 in Ice Magic
  8963 | D:6      | Learned a level 4 spell: Hailstorm
  9059 | D:7      | Reached skill level 1 in Conjurations
  9059 | D:7      | Reached XP level 9. HP: 57/57 MP: 7/18
  9295 | D:7      | Reached skill level 9 in Ice Magic
 10538 | D:7      | Identified the +6 hand axe "Voingam" {speed, *Noise rElec
                  | rC- Dex+8}
 10806 | D:7      | Found a snail-covered altar of Cheibriados.
 11353 | D:9      | Reached skill level 1 in Axes
 11371 | D:10     | Entered Level 10 of the Dungeon
 13515 | D:9      | Reached XP level 10. HP: 9/63 MP: 13/21
 13948 | D:10     | Found a sacrificial altar of Ru.
 13949 | D:10     | Found a blossoming altar of Fedhas.
 13949 | D:10     | Found a basalt altar of Yredelemnul.
 13951 | D:10     | Found a shadowy altar of Dithmenos.
 13954 | D:10     | Found Miklorol's Assorted Antiques.
 13955 | D:10     | You fall into a shaft and drop 3 floors!
 13959 | D:12     | Noticed Psyche
 13960 | D:12     | Noticed a white ugly thing
 13966 | D:12     | Noticed a cyclops
 13967 | D:12     | Killed Psyche
 13968 | D:12     | Reached skill level 10 in Ice Magic
 14036 | D:13     | Noticed a centaur warrior
 14038 | D:13     | Shot with an arrow by a centaur warrior

Illustrated notes

Levels and vault maps discovered:
D:1:      matt_arrival_diagonals, layout_loops_corners,
          shapermc_ecumenical_altar_rom_forum, patterned_corridor
D:2:      layout_loops_ring, basic_altar, minmay_diced_spiral
D:3:      layout_basic, serial_shops, nicolae_square_shop, minivault_27,
          uniq_robin, uniq_sigmund
D:4:      layout_loops_cross, nicolae_wu_jian_immortal_techniques,
          minmay_temple_entry_stoned_glass, minmay_misc_feat_room
D:5:      layout_loops_ring, pf_just_have_faith
D:6:      layout_cave_pods
D:7:      layout_loops_ring, kennysheep_slug_shrine,
          nicolae_ossuary_entry_catacombs
D:8:      layout_basic
D:9:      layout_cave_pools, old_standard_altar, hiddenorc2_lemuel, st_stairs_8,
          palyth_stone_intersect, nicolae_blasting_shop
D:10:     layout_roguey, grunt_temple_overflow_open, serial_shops,
          nicolae_shop_statue_plus
D:12:     layout_loops_ring, gauntlet_entry_generic, serial_shops,
          nicolae_shop_overgrown_old_shop, serial_co_window_serial,
          co_window_corner_a, co_window_paths_a, co_window_cross_1,
          co_window_of_opportunity_a, co_window_corner_a, co_window_corner_ca,
          co_window_paths_c, co_window_2corner, glass_columns_b,
          glass_columns_b, glass_columns_a, minmay_fractal_squares_gapless_5,
          uniq_snorg, uniq_psyche
D:13:     layout_stronghold
Temple:   eino_narrow_crystal_temple

Skill      XL: |  1  2  3  4  5  6  7  8  9 10 |
---------------+-------------------------------+-----
Ice Magic      | 5 6 7 8 9 10 | 10.0
Short Blades   | 1 2 3 |  3.0
Dodging        | 3 4 5 7 8 |  8.4
Spellcasting   | 3 4 5 6 7 |  7.7
Conjurations   | 1 4 |  4.4
Axes           | 2 3 |  3.0
Stealth        | |  1.7

Action                   |  1- 3 |  4- 6 |  7- 9 | 10-12 || total
-------------------------+-------+-------+-------+-------++-------
Melee: Club              |     5 |       |       |       ||     5
       Dagger            |    17 |    47 |   257 |       ||   321
       Hand axe          |       |       |    58 |     5 ||    63
 Cast: Freeze            |    46 |    39 |   129 |     8 ||   222
       Frozen Ramparts   |       |     6 |    21 |     2 ||    29
 Abil: Hop               |       |       |     5 |     2 ||     7
  Use: Scroll            |       |     4 |     1 |       ||     5
       Potion            |       |       |     2 |       ||     2
 Stab: Sleeping          |       |       |     3 |       ||     3
Armor: Robe              |     6 |     6 |    20 |     2 ||    34
       Skin              |       |       |    10 |       ||    10
Dodge: Dodged            |    43 |    44 |   298 |    15 ||   400

Table legend: (Time is in decaauts)
 A = Elapsed time spent in this place.
 B = Non-inter-level travel time spent in this place.
 C = Inter-level travel time spent in this place.
 D = Time resting spent in this place.
 E = Time spent auto-exploring this place.
 F = Levels seen in this place.
 G = Mean time per level.
                   A        B        C        D        E       F      G
               +--------+--------+--------+--------+--------+-----+--------+
         Total |  14883 |  14568 |    315 |   3889 |   9121 |  13 | 1144.8 |
       Dungeon |  14304 |  14001 |    303 |   3333 |   9121 |  12 | 1192.0 |
        Temple |    578 |    566 |     12 |    556 |      0 |   1 |  578.0 |
               +--------+--------+--------+--------+--------+-----+--------+

Top non-repeatable levels by time:
    D:10: 2544 daAuts
     D:7: 2031 daAuts
     D:6: 1950 daAuts
     D:3: 1674 daAuts
     D:1: 1641 daAuts
     D:4: 1497 daAuts
     D:2: 1300 daAuts
     D:5: 1078 daAuts
  Temple: 578 daAuts
     D:9: 355 daAuts
     D:8: 145 daAuts
    D:13: 75 daAuts
    D:12: 9 daAuts
